 Dungeon Crawl Stone Soup version 0.31-a0-95-g6fa058ef04 (console) character file.

Game seed: 9202490843219741372

5791 petzl the Covert (level 11, -3/83 HPs)
             Began as a Formicid Delver on May 26, 2023.
             Was an Elder of Vehumet.
             Slain by a two-headed ogre
             ... wielding a +0 giant spiked club
              (7 damage)
             ... on level 9 of the Dungeon.
             The game lasted 01:04:02 (10036 turns).

petzl the Covert (Formicid Delver)                 Turns: 10036, Time: 01:04:02

Health: -3/83      AC:  7    Str: 14      XL:     11   Next: 6%
Magic:  11/30      EV: 11    Int: 22 (23) God:    Vehumet [****..]
Gold:   833        SH:  4    Dex: 15      Spells: 12/24 levels left

rFire   . . .        a - +0 great sword {venom, rPois Str-4 Int+4}
rCold   . . .        (no shield)
rNeg    . . .        M - +2 leather armour {rPois}
rPois   +            (helmet unavailable)
rElec   .            v - +0 cloak
rCorr   .            (no gloves)
SInv    +            C - +0 pair of boots
Will    +....        o - amulet of magic regeneration
Stlth   ++++         g - ring of magical power
HPRegen 0.33/turn    P - +6 ring of intelligence
MPRegen 0.62/turn

%: no passive effects
@: no status effects
A: permanent stasis, dig shafts and tunnels, antennae 3, four strong arms, large
bone plates 1, deterioration 1, screaming 1
a: Dig, Shaft Self, Renounce Religion


You were on level 9 of the Dungeon.
You worshipped Vehumet.
Vehumet was greatly pleased with you.
You visited 1 branch of the dungeon, and saw 12 of its levels.
You also visited: Bailey.

You collected 1019 gold pieces.
You spent 186 gold pieces at shops.

Inventory:

Hand Weapons
 a - the +0 great sword of Demonkind (weapon) {venom, rPois Str-4 Int+4}
   (You took it off a kobold brigand in a bailey)

   Str:       It affects your strength (-4).
   Int:       It affects your intelligence (+4).
   rPois:     It protects you from poison.
 b - a +0 heavy sling
 c - a +0 mace
 i - a +2 dagger of chaos {!f =f}
 u - a +2 dagger of holy wrath {!f =f}
 G - a +0 orcbow
 K - a +0 morningstar of draining
 R - a +2 whip of freezing
 T - a +2 quarterstaff of chaos
Missiles
 h - 14 curare-tipped darts
 k - 28 poisoned darts (quivered)
 l - 4 datura-tipped darts
 O - 3 silver javelins
Armour
 r - a +1 leather armour of fire resistance
 v - a +0 cloak (worn)
 y - a +0 kite shield
 C - a +0 pair of boots (worn)
 M - a +2 leather armour of poison resistance (worn)
Jewellery
 g - a ring of magical power (left hand)
 o - an amulet of magic regeneration (around neck)
 E - a ring of ice
 P - a +6 ring of intelligence (right hand)
 U - a ring of magical power
Wands
 f - a wand of digging (9)
 A - a wand of quicksilver (13)
 N - a wand of flame (50)
 V - a wand of charming (8)
Scrolls
 d - 3 scrolls of magic mapping
 e - a scroll of fear
 m - 2 scrolls of enchant weapon
 p - 2 scrolls of summoning
 t - a scroll of silence
 w - 3 scrolls of immolation
 B - a scroll of vulnerability
 D - a scroll of amnesia
 F - 2 scrolls of enchant armour
 Q - a scroll of poison
 S - 2 scrolls of identify
Potions
 j - 2 potions of mutation
 n - 3 potions of haste {unknown}
 q - 3 potions of curing
 s - a potion of cancellation {unknown}
 x - 2 potions of berserk rage {unknown}
 z - a potion of lignification {unknown}
 H - a potion of invisibility {unknown}
 I - 2 potions of magic {unknown}
 J - 3 potions of brilliance {unknown}
Miscellaneous
 L - a phial of floods


   Skills:
 + Level 6.5 Fighting
 + Level 1.1 Long Blades
 - Level 2.0 Maces & Flails
 - Level 3.3 Ranged Weapons
 - Level 1.7 Dodging
 - Level 9.0 Stealth
 * Level 4.6 Shields
 + Level 7.1 Spellcasting
 + Level 4.5 Conjurations
 * Level 2.4 Translocations
 + Level 4.0 Air Magic
 - Level 6.0 Earth Magic
 - Level 5.5 Poison Magic
 - Level 3.0 Evocations


You had 12 spell levels left.
You knew the following spells:

 Your Spells              Type           Power      Damage    Failure   Level
a - Stone Arrow           Conj/Erth      54%        3d10      1%          3
b - Iskenderun's Mystic   Conj/Tloc      19%        2d6       10%         4
c - Shock                 Conj/Air       88%        1d8       1%          1
d - Magic Dart            Conj           100%       1d8       1%          1
m - Mephitic Cloud        Conj/Pois/Air  23%        N/A       1%          3

Your spell library contained the following spells:

 Spells                   Type           Power      Damage    Failure   Level
 Searing Ray              Conj           56%        2d6       1%          2
 Passwall                 Tmut/Erth      14%        N/A       7%          2
 Call Imp                 Summ           14%        N/A       16%         2
 Fulminant Prism          Conj/Hex       7%         3d7       16%         4
 Ensorcelled Hibernation  Hex/Ice        6%         N/A       22%         2
 Swiftness                Air            Unusable   N/A       N/A         3

Dungeon Overview and Level Annotations

Branches:
Dungeon (12/15)            Temple (0/1) D:7             Orc (0/2) D:10
 Bailey (visited)
   Lair: D:8-11

Altars:
Ashenzari
Gozag
Hepliaklqana
Okawaru
Ru
Uskayaw
Vehumet
Wu Jian
Xom
Yredelemnul

Shops:
D:5 =   D:9 (*   D:10 **[[

Annotations:
D:4 Edmund, Sigmund
D:10 exclusions: downstairs and two-headed ogre
D:11 exclusions: downstairs, manticore and sensed monster (detected)


Innate Abilities, Weirdness & Mutations

You cannot be hasted, slowed, berserked, paralysed or teleported.
You can dig through walls and to a lower floor.
You have a pair of large antennae on your head. (SInv)
Your four strong arms can wield two-handed weapons with a shield.
You are partially covered in large bone plates. (SH +4)
Your body sometimes deteriorates upon taking damage.
You occasionally shout uncontrollably at your foes.


Message History

The two-headed ogre is engulfed in noxious fumes.
The two-headed ogre says, "Why is everything spinning?"
The two-headed ogre hits you with a +0 giant spiked club!!
* * * LOW HITPOINT WARNING * * *
The two-headed ogre hits you with a +0 giant spiked club!
* * * LOW HITPOINT WARNING * * *
Your body deteriorates!
You feel dopey.
Okay, then.
Okay, then.
Unknown command.
Unknown command.
Unknown command.
Okay, then.
Unknown command.
Unknown command.
Unknown command.
Casting: Iskenderun's Mystic Blast (dangerous; 10% risk of failure)
Confirm with . or Enter, or press ? or * to list all spells.
You erupt in a blast of force!
The mystic blast hits the two-headed ogre.
The two-headed ogre is almost dead.
The two-headed ogre is knocked back by the mystic blast.
The two-headed ogre slams into the rock wall!
The two-headed ogre is almost dead.
The two-headed ogre asks, "Where am I?"
Casting: Iskenderun's Mystic Blast (dangerous; 10% risk of failure)
Confirm with . or Enter, or press ? or * to list all spells.
Aiming: Mephitic Cloud (safe; 1% risk of failure)
Press: ? - help, Shift-Dir - straight line, p - two-headed ogre The ball explodes into a vile cloud!
The stinking cloud engulfs the two-headed ogre but does no damage.
The two-headed ogre is almost dead.
The two-headed ogre seems less confused.
Unknown command.
As you read the scroll of summoning, it crumbles to dust.
Wisps of shadow whirl around you...
The two-headed ogre is engulfed in noxious fumes.
The two-headed ogre attacks as you move away!
The two-headed ogre hits you with a +0 giant spiked club!
You die...

#.# #.# #.# #.# { #.#
#.# { #.# #.# { #.#
#.# #### # #h# #.#
###..#
#.#h###.###....#####.
#..@O○.......<.......
#o.####.........#####


#oo ##.........# #.. #.....<...... #..{ ...........### ##o ####........# #.
.........# ## ##.#....### . # You could see a two-headed ogre (ally target), 2
friendly howler monkeys, 2 friendly orc priests and 2 friendly orcs.

Vanquished Creatures
  A two-headed ogre (D:7)
  Sonja (D:10)
  Pikel (D:6)
  Maggie (D:6)
  A troll (D:10)
  An acid dragon (D:10)
  A water moccasin (D:7)
  4 orc warriors
  An ice beast (D:8)
  5 centaurs
  A phantom (D:5)
  A lemure (D:6)
  8 kobold brigands
  4 scorpions
  A bullfrog (D:6)
  15 killer bees
  A howler monkey (D:11)
  4 crimson imps (D:4)
  Crazy Yiuf (D:7)
  A jelly (D:6)
  An orc priest (D:7)
  2 gnoll boudas
  3 hounds
  3 sleepcaps
  Natasha (twice) (D:3)
  3 iguanas (D:5)
  4 orc wizards
  10 gnolls
  5 adders
  An ufetubus (D:4)
  A worm (D:2)
  A dart slug (D:2)
  13 orcs
  11 bats
  10 endoplasms
  7 giant cockroaches
  10 goblins
  12 hobgoblins
  9 jackals
  14 kobolds
  3 quokkas
  11 ball pythons
  4 frilled lizards
  28 rats
222 creatures vanquished.

Vanquished Creatures (collateral kills)
  A killer bee (D:9)
1 creature vanquished.

Vanquished Creatures (others)
  An orc wizard (D:10)
1 creature vanquished.

Grand Total: 224 creatures vanquished

Notes
Turn   | Place    | Note
-------+----------+-------------------------------------------
     0 | D:5      | petzl the Formicid Delver began the quest for the Orb.
     0 | D:5      | Reached XP level 1. HP: 18/18 MP: 1/1
    58 | D:6      | Noticed a scorpion
   227 | D:5      | Found a radiant altar of Vehumet.
   233 | D:5      | Became a worshipper of Vehumet
   249 | D:5      | Noticed a scorpion
   313 | D:5      | Reached skill level 1 in Spellcasting
   377 | D:5      | Reached XP level 2. HP: 20/24 MP: 5/5
   458 | D:4      | Reached XP level 3. HP: 29/29 MP: 6/6
   458 | D:4      | Noticed a scorpion
   472 | D:4      | Killed a scorpion
   473 | D:4      | Reached XP level 4. HP: 21/35 MP: 10/10
   485 | D:4      | Noticed Sigmund
   574 | D:3      | Noticed Natasha
   698 | D:2      | Reached XP level 5. HP: 41/41 MP: 11/11
   828 | D:2      | Reached * piety under Vehumet
   828 | D:2      | Offered knowledge of Kiss of Death by Vehumet.
  1189 | D:1      | Reached ** piety under Vehumet
  1209 | D:1      | Offered knowledge of Shock by Vehumet.
  1212 | D:1      | Learned a level 1 spell: Shock
  1502 | D:1      | Reached skill level 1 in Ranged Weapons
  2449 | D:3      | Offered knowledge of Dazzling Flash by Vehumet.
  2451 | D:3      | Reached XP level 6. HP: 41/47 MP: 13/13
  2805 | D:3      | Killed Natasha
  2806 | D:3      | Reached skill level 1 in Conjurations
  2821 | D:3      | Reached *** piety under Vehumet
  2960 | D:3      | Noticed Natasha
  2969 | D:3      | Killed Natasha
  3128 | D:3      | You fall into a shaft and drop 1 floor!
  3371 | D:4      | Found a sacrificial altar of Ru.
  3388 | D:4      | Reached skill level 1 in Evocations
  3478 | D:3      | Reached skill level 1 in Air Magic
  3601 | D:3      | Reached skill level 5 in Spellcasting
  3769 | D:4      | Reached XP level 7. HP: 53/53 MP: 14/14
  3885 | D:4      | Found a shimmering altar of Xom.
  3889 | D:4      | Offered knowledge of Iskenderun's Mystic Blast by Vehumet.
  3909 | D:4      | You fall into a shaft and drop 3 floors!
  4679 | D:5      | Reached XP level 8. HP: 60/60 MP: 16/16
  4860 | D:4      | Noticed Edmund
  4941 | D:4      | Found a hide-covered altar of Uskayaw.
  5211 | D:5      | Found Foenle's Jewellery Shoppe.
  5298 | D:6      | Noticed Pikel
  5693 | D:6      | Gained mutation: Your body sometimes deteriorates upon
                  | taking damage. [potion of mutation]
  5693 | D:6      | Gained mutation: You occasionally shout uncontrollably at
                  | your foes. [potion of mutation]
  5693 | D:6      | Gained mutation: You are partially covered in large bone
                  | plates. (SH +4) [potion of mutation]
  5907 | D:6      | Noticed Maggie
  6081 | D:7      | Found a runed translucent door.
  6082 | D:7      | Noticed Crazy Yiuf
  6108 | D:7      | You fall into a shaft and drop 3 floors!
  6108 | D:10     | Entered Level 10 of the Dungeon
  6109 | D:10     | Noticed a troll
  6118 | D:10     | Learned a level 4 spell: Iskenderun's Mystic Blast
  6120 | D:10     | Learned a level 1 spell: Magic Dart
  6124 | D:10     | Learned a level 3 spell: Mephitic Cloud
  6124 | D:10     | Noticed a yak
  6257 | D:10     | Found Xych's General Store.
  6264 | D:10     | Noticed a two-headed ogre
  6266 | D:10     | Bought 2 curare-tipped darts for 33 gold pieces
  6266 | D:10     | Bought 6 poisoned darts for 50 gold pieces
  6271 | D:11     | Found an opulent altar of Gozag.
  6301 | D:11     | Noticed a manticore
  6320 | D:12     | Noticed a kobold demonologist
  6320 | D:12     | Noticed a kobold demonologist
  6320 | D:12     | Noticed a kobold demonologist
  6320 | D:12     | Noticed a kobold demonologist
  6322 | D:12     | Noticed a sun demon
  6441 | D:11     | Reached skill level 1 in Poison Magic
  6591 | D:10     | Found Zafeufi's Antique Armour Shop.
  6596 | D:10     | Noticed Sonja
  6598 | D:10     | Killed Sonja
  6599 | D:10     | Reached skill level 8 in Stealth
  6599 | D:10     | Reached XP level 9. HP: 66/66 MP: 17/17
  6652 | D:9      | Found a flagged portal.
  6663 | Bailey   | Entered a bailey
  6747 | Bailey   | Reached skill level 9 in Stealth
  6762 | Bailey   | Reached skill level 5 in Fighting
  7003 | Bailey   | Reached **** piety under Vehumet
  7020 | Bailey   | Reached skill level 5 in Poison Magic
  7072 | Bailey   | Identified the +0 great sword of Demonkind {venom, rPois
                  | Str-4 Int+4}
  7184 | Bailey   | Found an iron altar of Okawaru.
  7264 | D:10     | Found an ornate altar of the Wu Jian Council.
  7271 | D:10     | Found a staircase to the Orcish Mines.
  7550 | D:10     | Found Osuckuto's Armour Shop.
  7574 | D:10     | Offered knowledge of Stone Arrow by Vehumet.
  7575 | D:10     | Reached XP level 10. HP: 43/76 MP: 19/19
  7587 | D:10     | Learned a level 3 spell: Stone Arrow
  7762 | D:10     | Found Nedgh's Assorted Antiques.
  7772 | D:10     | Bought a lumpy green potion for 27 gold pieces
  7772 | D:10     | Bought a sapphire potion for 27 gold pieces
  7772 | D:10     | Bought a metallic inky potion for 27 gold pieces
  7855 | D:9      | Found Rimn's Antique Weapon Boutique.
  8008 | D:9      | Reached skill level 5 in Earth Magic
  8078 | D:9      | Found Seupumapn's Assorted Antiques.
  8087 | D:9      | Bought a fuming puce potion for 22 gold pieces
  8252 | D:9      | Found a broken altar of Ashenzari.
  8289 | D:9      | Reached skill level 1 in Shields
  8749 | D:7      | Reached skill level 1 in Translocations
  8750 | D:7      | Found a hazy altar of Hepliaklqana.
  9007 | D:6      | Killed Maggie
  9092 | D:6      | Killed Pikel
  9289 | D:7      | Noticed a two-headed ogre
  9320 | D:7      | Killed a two-headed ogre
  9321 | D:7      | Reached XP level 11. HP: 83/83 MP: 13/21
  9349 | D:7      | Found a staircase to the Ecumenical Temple.
  9380 | D:7      | Reached skill level 1 in Long Blades
  9459 | D:7      | Found a basalt altar of Yredelemnul.
  9471 | D:7      | Found an iron altar of Okawaru.
  9700 | D:7      | Killed Crazy Yiuf
 10010 | D:9      | Noticed a two-headed ogre
 10025 | D:9      | HP: 1/83 [two-headed ogre/+0 giant spiked club (12)]
 10036 | D:9      | Slain by a two-headed ogre

Illustrated notes

Levels and vault maps discovered:
D:1:      dpeg_arrival_ratfight, layout_rooms, serial_forest,
          infiniplex_forest_straight_3, infiniplex_forest_lined_room_3,
          infiniplex_forest_lined_room_3, infiniplex_forest_straight_3
D:2:      layout_basic, minmay_rat_hole
D:3:      layout_loops_ring, uniq_natasha
D:4:      layout_basic, nicolae_ru_great_annihilating_truth,
          nicolae_uskayaw_suspiria, led_xom_imps, uniq_sigmund, uniq_edmund
D:5:      layout_loops_cross, nicolae_vehumet_altar_sigil, serial_shops, shop,
          minmay_misc_feat_square
D:6:      layout_gridville, uniq_pikel, uniq_maggie
D:7:      layout_cave_pools, mainiacjoe_overflow_alcove_2,
          mainiacjoe_overflow_big_doors, minmay_temple_entry_waves,
          uniq_crazy_yiuf_cottage
D:8:      layout_layer_cave, gammafunk_temple_overflow_claw
D:9:      minmay_four_partial_circles, layout_loops_ring,
          mainiacjoe_overflow_alcove_1, serial_shops, shop,
          nicolae_shop_tiny_glass, shop, enter_bailey_5
D:10:     layout_long_grid, old_standard_altar, orc_0_dummy, serial_shops, shop,
          nicolae_shop_statue_plus, nicolae_shop_scrapyard,
          nicolae_shop_waterfront, nicolae_shop_advertising_works
          [nicolae_subvault_shop_adworks], hex_medium, uniq_sonja
D:11:     layout_loops_ring, dpeg_oklobed_lair, serial_shops,
          nicolae_shop_stone, chequers_hall_statues_corner_a,
          nicolae_gozag_seed_capital
D:12:     layout_roguey, gammafunk_ghost_grave, serial_ice, serial_ice_c,
          serial_ice_o, serial_ice_j, serial_ice_m

Skill      XL: |  1  2  3  4  5  6  7  8  9 10 11 |
---------------+----------------------------------+-----
Spellcasting   | 2 4 5 6 7 |  7.1
Ranged Weapons | 1 2 3 |  3.3
Conjurations   | 1 2 3 4 |  4.5
Evocations     | 1 2 3 |  3.0
Air Magic      | 1 2 3 4 |  4.0
Fighting       | 4 5 6 |  6.5
Poison Magic   | 4 5 |  5.5
Stealth        | 8 9 |  9.0
Earth Magic    | 5 6 |  6.0
Shields        | 4 |  4.6
Translocations | 2 |  2.4
Long Blades    | 1 |  1.1
Maces & Flails | |  2.0
Dodging        | |  1.7

Action                     |  1- 3 |  4- 6 |  7- 9 | 10-12 || total
---------------------------+-------+-------+-------+-------++-------
  Melee: Mace              |    25 |   291 |   131 |    14 ||   461
         Dagger            |       |     3 |    17 |       ||    20
         Punch             |       |     1 |     3 |       ||     4
         Great sword       |       |       |    11 |    50 ||    61
   Fire: Sling             |       |    48 |    85 |    39 ||   172
  Throw: Dart              |    11 |     2 |    22 |       ||    35
         Stone             |     3 |       |       |       ||     3
   Cast: Mephitic Cloud    |       |       |    30 |    41 ||    71
         Iskenderun's Myst |       |       |     4 |    14 ||    18
         Magic Dart        |       |       |     3 |       ||     3
         Stone Arrow       |       |       |       |    32 ||    32
Ability: Dig               |     1 |     1 |     3 |       ||     5
         Shaft Self        |       |     1 |     2 |       ||     3
  Evoke: Wand              |       |       |     5 |       ||     5
    Use: Scroll            |     1 |     6 |     5 |     2 ||    14
         Potion            |       |     1 |     8 |       ||     9
   Stab: Sleeping          |       |     8 |     2 |     1 ||    11
         Distracted        |       |     2 |       |       ||     2
         Paralysed         |       |     1 |       |       ||     1
         Confused          |       |       |     8 |     9 ||    17
 Armour: Leather armour    |     4 |    56 |   103 |    28 ||   191
         Ring mail         |       |    51 |       |       ||    51
  Dodge: Dodged            |    17 |   298 |   201 |    86 ||   602
  Block: Other             |       |       |    20 |    32 ||    52

Table legend: (Time is in decaauts)
 A = Elapsed time spent in this place.
 B = Non-inter-level travel time spent in this place.
 C = Inter-level travel time spent in this place.
 D = Time resting spent in this place.
 E = Time spent auto-exploring this place.
 F = Levels seen in this place.
 G = Mean time per level.
                   A        B        C        D        E       F      G
               +--------+--------+--------+--------+--------+-----+--------+
         Total |  10352 |   9885 |    467 |   2370 |   3252 |  13 |  796.3 |
       Dungeon |   9743 |   9276 |    467 |   2050 |   3252 |  12 |  811.9 |
        Bailey |    608 |    608 |      0 |    320 |      0 |   1 |  608.0 |
               +--------+--------+--------+--------+--------+-----+--------+

Top non-repeatable levels by time:
     D:6: 1524 daAuts
     D:5: 1193 daAuts
     D:3: 1090 daAuts
     D:4: 1044 daAuts
     D:7: 974 daAuts
    D:10: 952 daAuts
     D:1: 920 daAuts
     D:2: 866 daAuts
  Bailey: 608 daAuts
     D:9: 582 daAuts
     D:8: 386 daAuts
    D:11: 206 daAuts
    D:12: 1 daAuts
